 Dungeon Crawl Stone Soup version 0.32-a0-872-g59262bdc9b (console) character file.

Game seed: 9136772793822397600

604449 starberry the Archmage (level 26, -5/222 HPs)
             Began as a Mummy Cinder Acolyte on Mar 30, 2024.
             Was a High Priest of Ignis.
             Slain by a death cob (10 damage)
             ... on level 4 of the Realm of Zot.
             The game lasted 05:02:38 (103709 turns).

starberry the Archmage (Mummy Cinder Acolyte)     Turns: 103709, Time: 05:02:39

Health: -5/222     AC: 40    Str: 20      XL:     26   Next: 6%
Magic:  7/54       EV: 12    Int: 24 (25) God:    Ignis [*****.]
Gold:   5095       SH:  8    Dex: 15      Spells: 14/79 levels left

rFire   + + +        a - staff "Vukitero" {rF+ rC++ Dex+4 Fire}
rCold   + + +        S - +3 buckler {AC+3}
rNeg    + + +        m - +8 fire dragon scales
rPois   ∞            L - +2 helmet {Int+3}
rElec   +            o - +4 dragonskin cloak {Aegis}
rCorr   +            N - +2 pair of gloves "Zivop" {Dex+3}
SInv    +            U - +2 pair of boots {Stlth+}
Will    ++++.        R - amulet of regeneration
Stlth   +            O - ring "Gorar" {rF+ Will+ rCorr Slay+3}
HPRegen 1.37/turn    c - ring of Joilec {Ice rElec rN+ Slay+5 SInv}
MPRegen 0.34/turn

%: faith
@: very slightly contaminated, slowed, studying 2 skills, very slow
A: cold resistance 1, negative energy resistance 3, torment resistance 2, heat
vulnerability 1, in touch with death 2, no potions, faith
}: 4/15 runes: barnacled, slimy, silver, gossamer
a: Renounce Religion, Fiery Armour, Foxfire Swarm


You were on level 4 of the Realm of Zot.
You worshipped Ignis.
Ignis was extremely pleased with you.
You visited 10 branches of the dungeon, and saw 51 of its levels.
You also visited: Gauntlet.

You collected 6650 gold pieces.
You spent 1555 gold pieces at shops.

Inventory:

Hand Weapons
 w - the +9 long sword of Malum Prohibitum {venom, rElec Will+ Stlth+}
   (You found it on level 8 of the Dungeon)

   rElec:     It insulates you from electricity.
   Will+:     It increases your willpower.
   Stlth+:    It makes you more stealthy.
Missiles
 b - 22 curare-tipped darts
 q - 14 throwing nets (quivered)
Armour
 m - +8 fire dragon scales (worn)
 o - the +4 dragonskin cloak (worn) {Aegis}
   (You took it off Tiamat on level 3 of the Realm of Zot)

   Avatar's Aegis: It grants the wearer a chance to resist fire, cold, poison,
   electricity, acid, and negative energy.
 L - a +2 helmet of intelligence (worn)
 N - the +2 pair of gloves "Zivop" (worn) {Dex+3}
   (You took it off Nikola on level 2 of the Spider Nest)

   Dex+3:     It affects your dexterity (+3).
 S - a +3 buckler of protection (worn)
 U - a +2 pair of boots of stealth (worn)
Magical Staves
 a - the staff "Vukitero" (weapon) {rF+ rC++ Dex+4 Fire}
   (You found it on level 3 of the Elven Halls)

   [staff of fire]

   Base accuracy: +5 Base damage: 5 Base attack delay: 1.2 This weapon's minimum
   attack delay (0.6) is reached at skill level 12.
   Dex+4:     It affects your dexterity (+4).
   rF+:       It protects you from fire.
   rC++:      It greatly protects you from cold.
   Fire:      It increases the power of your Fire spells.
   It falls into the 'Staves' category.
   It is a one-handed weapon.
Jewellery
 c - the ring of Joilec (right hand) {Ice rElec rN+ Slay+5 SInv}
   (You took it off Josephina on level 1 of the Realm of Zot)

   [ring of ice]

   Ice:       It enhances your ice magic.
   Slay+5:    It affects your accuracy & damage with ranged weapons and melee
   (+5).
   rF-:       It makes you vulnerable to fire.
   rC+:       It protects you from cold.
   rElec:     It insulates you from electricity.
   rN+:       It protects you from negative energy.
   SInv:      It lets you see invisible.
 s - a ring of flight
 t - a +4 ring of protection
 u - a +6 ring of dexterity
 z - a ring of fire
 B - the ring of Piazxiq {Will++ Str+6}
   (You found it on level 5 of the Vaults)

   [ring of strength]

   Str+6:     It affects your strength (+6).
   Will++:    It greatly increases your willpower.
 F - a +6 ring of intelligence
 O - the ring "Gorar" (left hand) {rF+ Will+ rCorr Slay+3}
   (You took it off a minotaur in a Gauntlet)

   [ring of willpower]

   Slay+3:    It affects your accuracy & damage with ranged weapons and melee
   (+3).
   rF+:       It protects you from fire.
   Will+:     It increases your willpower.
   rCorr:     It protects you from acid and corrosion.
 R - an amulet of regeneration (around neck)
 Y - a ring of wizardry
Wands
 d - a wand of acid (37)
 e - a wand of polymorph (5)
 y - a wand of digging (19)
 G - a wand of warping (59)
 H - a wand of paralysis (31)
Scrolls
 f - 6 scrolls of noise
 g - a scroll of torment
 h - 19 scrolls of teleportation
 i - 2 scrolls of amnesia
 j - 8 scrolls of poison
 k - 6 scrolls of immolation
 l - 3 scrolls of revelation
 n - 10 scrolls of vulnerability
 p - 6 scrolls of fear
 r - 13 scrolls of enchant weapon
 A - a scroll of enchant armour
 C - 2 scrolls of silence
 E - 2 scrolls of brand weapon
 J - 4 scrolls of summoning
Miscellaneous
 x - a box of beasts
 K - a condenser vane
 M - a phantom mirror
 P - a phial of floods


   Skills:
 - Level 21.0 Fighting
 - Level 2.4 Axes
 - Level 6.0 Staves
 - Level 13.0 Armour
 - Level 8.0 Dodging
 - Level 5.0 Shields
 O Level 27 Spellcasting
 - Level 6.0 Conjurations
 + Level 18.7 Summonings
 - Level 16.0 Necromancy
 + Level 9.9 Translocations
 - Level 6.0 Fire Magic
 - Level 2.0 Air Magic
 - Level 6.0 Alchemy
 - Level 8.0 Evocations


You had 14 spell levels left.
You knew the following spells:

 Your Spells              Type           Power      Damage    Failure   Level
a - Irradiate             Conj/Alch      28%        3d21      7%          5
b - Summon Lightning Spi  Summ/Air       70%        N/A       1%          4
c - Summon Horrible Thin  Summ           44%        N/A       9%          8
d - Malign Gateway        Summ/Tloc      39%        N/A       7%          7
e - Martyr's Knell        Necr/Summ      100%       N/A       1%          4
f - Summon Hydra          Summ           44%        N/A       1%          7
g - Haunt                 Necr/Summ      65%        N/A       1%          7
h - Dispel Undead         Necr           100%       3d31      1%          4
i - Vampiric Draining     Necr           100%       2d13      0%          3
j - Olgreb's Toxic Radia  Alch           57%        N/A       2%          4
k - Ignite Poison         Fire/Alch      75%        N/A       2%          4
l - Summon Cactus Giant   Summ           44%        N/A       1%          6
B - Blink                 Tloc           100%       N/A       1%          2

Your spell library contained the following spells:

 Spells                   Type           Power      Damage    Failure   Level
 Necrotise                Necr           100%       1d9       0%          1
 Summon Small Mammal      Summ           100%       N/A       0%          1
 Call Imp                 Summ           100%       N/A       0%          2
 Call Canine Familiar     Summ           89%        N/A       0%          3
 Fugue of the Fallen      Necr           100%       N/A       0%          3
 Apportation              Tloc           100%       N/A       1%          1
 Foxfire                  Conj/Fire      100%       2x1d9     1%          1
 Kiss of Death            Conj/Necr      100%       2d13      1%          1
 Magic Dart               Conj           100%       1d8       1%          1
 Sting                    Conj/Alch      100%       1d9       1%          1
 Cigotuvi's Dreadful Rot  Necr/Alch/Air  100%       N/A       1%          2
 Mercury Vapours          Alch/Air       100%       N/A       1%          2
 Scorch                   Fire           100%       2d9       1%          2
 Static Discharge         Conj/Air       100%       3-8/arc   1%          2
 Mephitic Cloud           Conj/Alch/Air  53%        N/A       1%          3
 Summon Ice Beast         Ice/Summ       86%        N/A       1%          3
 Teleport Other           Tloc           69%        N/A       1%          3
 Anguish                  Hex/Necr       51%        N/A       1%          4
 Animate Armour           Summ/Erth      100%       N/A       1%          4
 Animate Dead             Necr           100%       N/A       1%          4
 Iskenderun's Mystic Bla  Conj/Tloc      63%        2d13      (+2d71%     4
 Maxwell's Portable Pile  Tloc           69%        2d(15-30) 1%          4
 Passage of Golubria      Tloc           69%        N/A       1%          4
 Curse of Agony           Necr           100%       N/A       1%          5
 Summon Forest            Summ/Tloc      39%        N/A       1%          5
 Summon Mana Viper        Hex/Summ       67%        N/A       1%          5
 Dazzling Flash           Conj/Hex       92%        N/A       2%          3
 Hailstorm                Conj/Ice       63%        3d12      2%          3
 Inner Flame              Hex/Fire       63%        N/A       2%          3
 Stone Arrow              Conj/Erth      92%        3d12      2%          3
 Flame Wave               Conj/Fire      75%        2d17      2%          4
 Sticky Flame             Fire/Alch      75%        2d12      2%          4
 Vhi's Electric Charge    Tloc/Air       100%       N/A       2%          4
 Freeze                   Ice            100%       1d10      3%          1
 Swiftness                Air            42%        N/A       3%          3
 Dimensional Bullseye     Hex/Tloc       27%        N/A       3%          4
 Ensorcelled Hibernation  Hex/Ice        96%        N/A       4%          2
 Jinxbite                 Hex            64%        N/A       4%          2
 Fireball                 Conj/Fire      37%        3d15      7%          5
 Iskenderun's Battlesphe  Conj           57%        2d11      7%          5
 Dispersal                Tloc           34%        N/A       8%          6
 Gell's Gavotte           Tloc           34%        2d(26-39) 8%          6
 Confusing Touch          Hex            32%        N/A       9%          3
 Frozen Ramparts          Ice            96%        1d15      9%          3
 Passwall                 Erth           32%        N/A       9%          3
 Sigil of Binding         Hex            32%        N/A       9%          3
 Tukima's Dance           Hex            32%        N/A       9%          3
 Brom's Barrelling Bould  Conj/Erth      46%        2d6       9%          4
 Leda's Liquefaction      Alch/Erth      23%        N/A       9%          4
 Airstrike                Air            21%        2d(3-19)  13%         4
 Arcjolt                  Conj/Air       25%        1d35      16%         5
 Yara's Violent Unravell  Hex/Alch       23%        3d10      24%         5
 Infestation              Necr           64%        N/A       26%         8
 Freezing Cloud           Conj/Ice/Air   30%        6-21      28%         5
 Eringya's Noxious Bog    Alch           28%        4d6       36%         6
 Starburst                Conj/Fire      37%        6d11      36%         6
 Lee's Rapid Deconstruct  Erth           16%        3d10*     63%         5
 Conjure Ball Lightning   Conj/Air       25%        3x3d7     65%         6
 Plasma Beam              Fire/Air       33%        2x1d46    65%         6
 Sculpt Simulacrum        Ice/Alch       31%        N/A       78%         6
 Orb of Destruction       Conj           28%        9d9       91%         7
 Permafrost Eruption      Ice/Erth       24%        2x4d6     99%         6
 Enfeeble                 Hex            16%        N/A       100%        7
 Ignition                 Fire           37%        3d11      100%        8
 Lehudib's Crystal Spear  Conj/Erth      23%        10d6      100%        8
 Maxwell's Capacitive Co  Air            21%        ∞         100%        8


Dungeon Overview and Level Annotations

Branches:
Dungeon (15/15)            Temple (0/1) D:5            Lair (5/5) D:8
 Shoals (4/4) Lair:3       Spider (4/4) Lair:3        Slime (5/5) Lair:5
    Orc (2/2) D:11            Elf (3/3) Orc:2        Vaults (5/5) D:14
  Crypt (0/3) Vaults:2     Depths (4/4) D:15            Zot (4/5) Depths:4
Gauntlet (visited)

Altars:
Cheibriados
Fedhas
Gozag
Hepliaklqana
Kikubaaqudgha
Nemelex Xobeh
Okawaru
Qazlal
Ru
Vehumet
Xom
Beogh
Jiyva

Shops:
D:1 [   D:2 :   D:10 (?:(   D:13 *   Orc:2 !([(:   Elf:1 =   Elf:3 (
Shoals:1 (**(:   Vaults:1 :[*=*   Vaults:2 **   Vaults:3 (

Portals:
Hell: Depths:1 Depths:2 Depths:3 Depths:4
Abyss: Depths:1 Depths:3
Pandemonium: Depths:1 Depths:2
Ziggurat: Depths:4
Trove: D:12 (give horn of Geryon)

Annotations:
Vaults:2 3 runed translucent doors, exclusion: obsidian statue, AutarchDCSS's ghost, adept NaAr


Innate Abilities, Weirdness & Mutations

You are immune to poison.
Your flesh is cold resistant. (rC+)
You are immune to negative energy. (rN+++)
You are immune to unholy pain and torment.
You are vulnerable to heat. (rF-)
You are strongly in touch with the powers of death.
You do not drink.
You have a special connection with the divine. (Faith)


Message History

Aim: a death cob (lightly damaged, chance to affect: 50%)
The death cob resists with some effort.
The death cob hits your large abomination but does no damage.
You block the death cob's attack.
The death cob hits your large abomination!!
The death cob hits you!!
* * * LOW HITPOINT WARNING * * *
The death cob drains your vigour!
You feel as though you will be slow longer.
The death cob hits your large abomination!!
You block the death cob's attack.
The death cob barely misses your large abomination.
Your large abomination hits the death cob!!
Aiming: Paralyse
Press: ? - help, Shift-Dir - straight line, f/p - death cob
Aim: a death cob (lightly damaged, chance to affect: 50%)
The death cob resists with some effort.
The death cob completely misses you.
The death cob hits your large abomination.
The death cob hits you but does no damage.
The death cob hits your large abomination!
Your large abomination is destroyed!
Your large abomination disappears in a puff of smoke!
You block the death cob's attack.
The death cob closely misses something.
The death cob hits you.
* * * LOW HITPOINT WARNING * * *
The death cob drains your vigour!
You feel as though you will be slow longer.
The death cob hits something!!
Aiming: Paralyse
Press: ? - help, Shift-Dir - straight line, f/p - death cob
Aim: a death cob (lightly damaged, ally target, chance to affect: 50%)
The death cob resists with some effort.
The death cob hits your tentacled monstrosity!
The death cob drains your tentacled monstrosity's vigour!
Your tentacled monstrosity seems to slow down.
You block the death cob's attack.
The death cob hits your tentacled monstrosity!
The death cob hits you!
You die...
Ignis goes out, and joins you in death.

##### #...# #...#
###########...#####
#..................
#..................
#...........>......
##.####...#########
#@# ##### ##z##
#...# ##z#+##
##.X§§.## #.#†.X#.#
#.#...#.# #.#X⌠.#.#
#.#...#.#


You could see 2 death cobs, a nameless horror and a friendly tentacled
monstrosity (summoned, slow).

Vanquished Creatures
  the Royal Jelly (Slime:5)
  An ancient lich (Vaults:5)
  Saint Roka (Vaults:4)
  A caustic shrike (Depths:3)
  Nikola (Spider:2)
  3 liches
  2 deep elf blademasters (Elf:3)
  A deep elf master archer (Elf:3)
  4 acid blobs (Slime:5)
  2 sphinxes
  A titan (Shoals:4)
  A shadow dragon (Zot:2)
  Agnes (D:15)
  A tengu reaver (Vaults:4)
  4 azure jellies (Slime:5)
  The ghost of Jais Joink the Severer, an adept FoFi of Okawaru (D:15)
  A draconian monk (Zot:1)
  6 deep elf sorcerers
  A frost giant (Depths:3)
  A draconian knight (Zot:3)
  A fire giant (Depths:3)
  A draconian scorcher (Zot:3)
  An emperor scorpion (Spider:4)
  A draconian shifter (Zot:3)
  4 vault wardens
  3 deep elf elementalists (Elf:3)
  A ghost moth (Zot:3)
  2 spriggan defenders (Depths:4)
  An orc warlord (Vaults:3)
  2 draconian stormcallers (Zot:3)
  7 very ugly things
  10 ironbound preservers
  3 quicksilver oozes (Slime:5)
  2 broodmothers
  4 ironbound thunderhulks
  2 stone giants
  7 vampire knights
  A deep elf death mage (Elf:2)
  A black draconian (Zot:3)
  2 deep elf annihilators (Elf:3)
  3 deep elf demonologists
  3 yellow draconians (Zot:3)
  The ghost of Nybb the Grappler, a journeyman TrWn of Uskayaw (Lair:1)
  A red draconian (Zot:2)
  4 white draconians
  2 spark wasps
  4 dire elephants
  2 purple draconians (Zot:3)
  A minotaur (Gauntlet)
  2 ettins
  4 merfolk javelineers (Shoals:4)
  3 merfolk impalers
  A fire dragon (Depths:1)
  A deep elf high priest (Elf:3)
  8 jiangshi (Depths:2)
  An ice dragon (Depths:4)
  18 vault guards
  4 entropy weavers
  4 yaktaur captains
  12 great orbs of eyes
  Harold (Orc:1)
  3 hydras
  2 spriggan air magi (Depths:4)
  An alligator snapping turtle (Shoals:2)
  2 radroaches
  8 two-headed ogres
  5 ironbound frosthearts
  2 ogre magi
  2 boulder beetles
  6 merfolk aquamancers
  A dancing weapon (Elf:2)
  2 centaur warriors (Vaults:1)
  An anaconda (Zot:3)
  7 deep troll shamans
  2 tengu warriors
  7 deep troll earth magi
  A two-headed ogre (shapeshifter) (Elf:3)
  A demonic crawler (Spider:1)
  5 vampire magi
  3 orc high priests
  21 deep elf knights
  2 spriggan berserkers (Depths:3)
  2 hell knights (Depths:3)
  Sonja (Lair:5)
  3 skysharks
  A skyshark (shapeshifter) (Elf:1)
  6 sea snakes
  2 iron trolls (Depths:3)
  2 skeletal warriors
  A sea snake (shapeshifter) (Depths:2)
  2 steelbarb worms (Spider:4)
  A spriggan druid (Elf:1)
  A sun moth (Spider:4)
  7 flayed ghosts
  11 orb spiders
  5 glowing orange brains
  33 deep trolls
  6 arcanists
  12 deep elf archers
  12 phantasmal warriors
  4 ironbound convokers
  3 necromancers
  6 orc knights
  19 deep elf zephyrmancers
  37 deep elf pyromancers
  Pikel (D:8)
  7 ugly things
  A lindwurm (Vaults:2)
  25 wolf spiders
  A harpy (Shoals:4)
  9 orc sorcerers
  A tengu skeleton (Vaults:2)
  A cyclops (D:11)
  A shining eye (shapeshifter) (Depths:3)
  7 manticores
  6 fauns
  2 elephants (Lair:5)
  2 centaur zombies (D:15)
  4 merfolk sirens
  13 vault sentinels
  11 meliai
  A fire giant skeleton (Depths:1)
  3 water nymphs
  A kobold blastminer (Orc:2)
  12 moths of wrath
  A stone giant skeleton (Vaults:2)
  The ghost of avangion the Thaumaturge, a novice DECj (D:9)
  7 cane toads
  A torpor snail (Spider:2)
  An elf zombie (Vaults:3)
  2 rime drakes
  5 komodo dragons
  2 freezing wraiths (D:15)
  A centaur skeleton (D:15)
  A yaktaur zombie (Vaults:3)
  An unseen horror (D:11)
  A kobold demonologist (D:12)
  23 yaktaurs
  5 human skeletons (Vaults:2)
  4 tengu conjurers
  A ghost moth simulacrum (Zot:1)
  A golden dragon simulacrum (Zot:1)
  An elf skeleton (Vaults:2)
  28 merfolk
  5 trolls
  A queen bee (Gauntlet)
  2 tyrant leeches (Lair:5)
  6 nameless horrors
  24 tarantellas
  6 glass eyes
  Grinder (D:6)
  5 wind drakes
  5 hornets
  9 blink frogs
  A stone giant simulacrum (Depths:1)
  2 ettin skeletons (Vaults:2)
  5 snapping turtles
  3 dream sheep (Lair:3)
  40 jumping spiders
  A vampire (D:14)
  7 slime creatures
  24 culicivoras
  A shadow (D:7)
  18 water elementals
  4 spriggans
  5 wyverns
  A redback (shapeshifter) (Elf:1)
  2 wraiths
  5 basilisks
  32 yaks
  2 hogs (Lair:2)
  3 vampire mosquitoes
  A green draconian simulacrum (Zot:1)
  69 redbacks
  2 steam dragons
  2 acid dragons
  2 swamp worms (Gauntlet)
  5 water moccasins
  A moth of wrath simulacrum (Zot:1)
  20 orc warriors
  2 black bears
  A sky beast (D:8)
  11 ogres
  5 laughing skulls
  An ice beast (D:7)
  3 centaurs (D:9)
  5 boggarts (Vaults:4)
  2 lemures (D:8)
  4 wolves
  2 phantoms
  13 bullfrogs
  5 kobold brigands
  3 scorpions
  A gnoll sergeant (D:8)
  An earth elemental (Elf:1)
  16 killer bees
  6 howler monkeys
  6 electric eels
  5 bombardier beetles
  3 jellies
  2 gnoll boudas
  6 hounds
  22 orc priests
  3 sleepcaps
  Jessica (D:2)
  2 iguanas
  33 orc wizards
  17 gnolls
  9 adders
  4 white imps
  2 dart slugs
  2 ribbon worms (D:3)
  101 orcs
  3 ball pythons
  8 endoplasms
  5 giant cockroaches
  9 goblins
  6 hobgoblins
  4 quokkas
  4 bats
  3 frilled lizards
  30 kobolds
  3 rats
1324 creatures vanquished.

Vanquished Creatures (collateral kills)
  Tiamat (Zot:3)
  An ancient lich (Vaults:5)
  3 juggernauts
  Sojobo (Vaults:4)
  Josephina (Zot:1)
  Bai Suzhen (Shoals:3)
  6 golden dragons
  the Enchantress (Depths:4)
  2 doom hounds (Zot:1)
  Arachne (Spider:4)
  2 electric golems (Zot:1)
  15 tentacled monstrosities
  Grunn (Zot:1)
  10 titans
  Asterion (Spider:4)
  A walking earthen tome (Depths:4)
  3 deep elf blademasters
  8 death cobs
  2 quicksilver dragons
  A walking frostbound tome (Depths:3)
  3 deep elf master archers (Elf:3)
  21 acid blobs
  An ancient champion (Vaults:2)
  Kirke (Lair:2)
  A sphinx (Vaults:5)
  20 storm dragons
  5 tengu reavers
  11 shadow dragons
  15 rockslimes
  3 draconian knights
  10 fire giants
  10 azure jellies
  4 protean progenitors
  9 frost giants
  5 iron dragons
  5 draconian scorchers
  6 emperor scorpions
  3 deep elf sorcerers
  4 draconian monks
  4 ghost moths
  2 draconian shifters (Zot:3)
  2 deep elf elementalists
  11 vault wardens
  8 ironbound preservers
  A cacodemon (Depths:1)
  11 quicksilver oozes
  An orc warlord (Vaults:1)
  A spriggan defender (Depths:4)
  16 stone giants
  9 very ugly things
  3 draconian annihilators
  2 draconian stormcallers
  An ironbound thunderhulk (Vaults:1)
  2 broodmothers
  12 formless jellyfish
  5 deep elf death magi
  7 black draconians
  A bunyip (Zot:2)
  10 green draconians
  4 war gargoyles
  8 red draconians
  8 yellow draconians
  A spark wasp (Depths:2)
  5 deep elf annihilators
  13 white draconians
  A lorocyproca (Depths:2)
  9 purple draconians
  3 entropy weavers
  7 ettins
  6 fire dragons
  2 merfolk javelineers (Shoals:4)
  5 crystal guardians
  8 merfolk impalers (Shoals:4)
  11 yaktaur captains
  6 hydras
  6 deep elf high priests
  6 great orbs of eyes
  4 rakshasas
  15 vault guards
  5 ice dragons
  A spriggan air mage (Depths:4)
  6 peacekeepers
  5 merfolk aquamancers
  A catoblepas (Shoals:2)
  An anaconda (Zot:3)
  2 merfolk avatars (Shoals:4)
  2 alligator snapping turtles (Shoals:4)
  7 centaur warriors
  3 ironbound frosthearts
  A two-headed ogre (D:12)
  A death knight (D:15)
  A sphinx skeleton (Vaults:2)
  A deep troll shaman (Depths:4)
  4 boulder beetles
  27 dancing weapons
  4 tengu warriors
  7 demonic crawlers
  A shock serpent (shapeshifter) (Vaults:5)
  An occultist (D:15)
  3 spriggan berserkers
  11 hell knights
  5 deep elf knights
  3 iron trolls
  4 sixfirhies
  4 skysharks
  2 glowing orange brains
  3 pharaoh ants
  A goliath frog (Lair:5)
  A glowing orange brain (shapeshifter) (Vaults:5)
  3 sea snakes
  A mana viper (shapeshifter) (Depths:3)
  An obsidian statue (D:12)
  A deep troll (shapeshifter) (Vaults:5)
  11 ironbound convokers
  11 deep trolls
  2 flayed ghosts (Depths:1)
  An obsidian bat (Orc:1)
  2 sun moths
  2 thermic dynamos (Elf:2)
  7 deep elf pyromancers
  4 steelbarb worms
  A phantasmal warrior (Vaults:5)
  A lindwurm (Vaults:2)
  21 harpies
  A harpy (shapeshifter) (Elf:3)
  5 necromancers
  4 ugly things
  6 deep elf zephyrmancers
  2 orc knights (Vaults:3)
  An orc sorcerer (D:15)
  3 wolf spiders
  2 manticores
  An iron dragon zombie (Depths:1)
  8 moths of wrath
  5 cyclopes
  4 shining eyes
  An elephant (Lair:5)
  A frost giant skeleton (Vaults:3)
  5 vault sentinels
  3 black mambas
  A meliai (Gauntlet)
  A merfolk siren (Shoals:4)
  4 eyes of devastation
  3 torpor snails
  3 water nymphs (Shoals:4)
  18 cane toads
  9 yaktaurs
  A gargoyle (D:12)
  3 rime drakes
  A centaur skeleton (D:15)
  A komodo dragon (shapeshifter) (D:15)
  3 komodo dragons
  A yaktaur skeleton (Vaults:2)
  A tengu conjurer (D:14)
  A ghost moth simulacrum (Zot:1)
  A freezing wraith (Vaults:5)
  5 trolls
  A queen bee (Lair:2)
  2 tyrant leeches (Lair:5)
  A queen bee (shapeshifter) (Elf:2)
  7 merfolk (Shoals:4)
  A tarantella (Spider:3)
  Prince Ribbit (D:8)
  4 dream sheep (Lair:3)
  2 snapping turtles (Shoals:4)
  A wind drake (Shoals:4)
  6 glass eyes
  7 nameless horrors
  6 blink frogs
  A dream sheep (shapeshifter) (Depths:1)
  A stone giant simulacrum (Depths:1)
  An elf simulacrum (Vaults:3)
  77 slime creatures
  7 air elementals
  2 shadows
  A culicivora (Spider:4)
  2 wyverns
  32 yaks
  26 water elementals
  3 basilisks
  4 hogs (Lair:3)
  A warg (shapeshifter) (Elf:1)
  A steam dragon (Lair:3)
  6 golden eyes (Slime:5)
  2 fire elementals
  A redback (Spider:4)
  8 vampire mosquitoes
  A yaktaur simulacrum (Vaults:3)
  A swamp worm (Gauntlet)
  A swamp worm (shapeshifter) (Vaults:5)
  4 water moccasins
  An ogre skeleton (Vaults:2)
  2 human skeletons (Vaults:2)
  A laughing skull (D:14)
  A black bear (shapeshifter) (Elf:1)
  12 wolves
  A wolf (shapeshifter) (Elf:1)
  3 kobold brigands
  8 bullfrogs
  A gnoll sergeant (D:9)
  14 killer bees
  An orc priest (D:7)
  4 orc wizards
  5 gnolls
  5 orcs
  A goblin (D:4)
  7 kobolds
  An aspiring flesh (Zot:2)
1022 creatures vanquished.

Vanquished Creatures (others)
  38 eldritch tentacles
  2 draconian knights (Zot:3)
  A radroach (Spider:4)
  2 deep elf knights
  A deep troll (Depths:4)
  A spriggan druid (Elf:1)
  3 deep elf zephyrmancers
  A spriggan (Depths:4)
  A redback (Spider:2)
50 creatures vanquished.

Grand Total: 2396 creatures vanquished

Notes
Turn   | Place    | Note
-------+----------+-------------------------------------------
     0 | D:1      | starberry the Mummy Cinder Acolyte began the quest for the
                  | Orb.
     0 | D:1      | Reached XP level 1. HP: 18/18 MP: 2/2
   163 | D:1      | Reached skill level 2 in Spellcasting
   303 | D:1      | Reached XP level 2. HP: 24/24 MP: 3/5
   307 | D:1      | Learned a level 2 spell: Scorch
   458 | D:1      | Reached skill level 3 in Spellcasting
   550 | D:1      | Learned a level 1 spell: Magic Dart
   553 | D:1      | Learned a level 2 spell: Blink
   556 | D:1      | Learned a level 2 spell: Call Imp
   825 | D:1      | Found Aluvovar's Armour Shop.
  1150 | D:2      | Found Aculetz's Book Boutique.
  1263 | D:2      | Noticed Jessica
  1270 | D:2      | Killed Jessica
  1271 | D:2      | Reached XP level 3. HP: 29/29 MP: 8/8
  1324 | D:2      | Reached skill level 4 in Spellcasting
  1328 | D:2      | Reached XP level 4. HP: 30/35 MP: 8/10
  1469 | D:2      | Learned a level 3 spell: Call Canine Familiar
  2353 | D:3      | Reached skill level 1 in Summonings
  2590 | D:3      | Reached XP level 5. HP: 41/41 MP: 7/12
  3154 | D:4      | Reached skill level 5 in Spellcasting
  3347 | D:4      | Noticed a black bear
  3528 | D:4      | Killed a black bear
  3529 | D:4      | Reached skill level 6 in Spellcasting
  3529 | D:4      | Reached XP level 6. HP: 46/47 MP: 12/15
  4257 | D:4      | Reached XP level 7. HP: 48/52 MP: 16/17
  4426 | D:5      | Entered Level 5 of the Dungeon
  4520 | D:5      | Reached skill level 7 in Spellcasting
  4866 | D:5      | Found a staircase to the Ecumenical Temple.
  5019 | D:5      | Reached skill level 8 in Spellcasting
  5320 | D:5      | You fall into a shaft and drop 3 floors!
  5357 | D:8      | Noticed a yak
  5357 | D:8      | Noticed a yak
  5357 | D:8      | Noticed a yak
  5357 | D:8      | Noticed a yak
  5357 | D:8      | Noticed a yak
  5358 | D:8      | Noticed a yak
  5383 | D:8      | Noticed Pikel
  5383 | D:8      | Noticed a vampire mosquito
  5671 | D:8      | Reached XP level 8. HP: 36/58 MP: 20/20
  5700 | D:8      | Noticed Prince Ribbit
  5719 | D:8      | Killed Prince Ribbit
  5720 | D:8      | Reached skill level 9 in Spellcasting
  5720 | D:8      | Reached skill level 5 in Summonings
  5793 | D:8      | Killed Pikel
  5833 | D:8      | Reached skill level 10 in Spellcasting
  6047 | D:8      | Reached XP level 9. HP: 33/63 MP: 18/23
  6174 | D:8      | Reached skill level 11 in Spellcasting
  6388 | D:8      | Reached skill level 5 in Fighting
  6765 | D:8      | Reached skill level 12 in Spellcasting
  7146 | D:8      | Noticed a komodo dragon
  7189 | D:7      | Found a large runed translucent door.
  7190 | D:7      | Found a large runed translucent door.
  7193 | D:7      | Found a large runed translucent door.
  7193 | D:7      | Found a large runed translucent door.
  7196 | D:7      | Noticed a deep elf pyromancer
  7196 | D:7      | Noticed a manticore
  7609 | D:7      | Reached XP level 10. HP: 77/77 MP: 0/26
  7861 | D:8      | Reached skill level 13 in Spellcasting
  7968 | D:8      | Found a sacrificial altar of Ru.
  8844 | D:8      | Learned a level 2 spell: Cigotuvi's Dreadful Rot
  8904 | D:8      | Found a staircase to the Lair.
  9026 | D:8      | Identified the +9 long sword of Malum Prohibitum {venom,
                  | rElec Will+ Stlth+}
  9193 | D:7      | Reached skill level 1 in Necromancy
  9373 | D:7      | Learned a level 4 spell: Martyr's Knell
  9646 | D:6      | Found an iron altar of Okawaru.
 10680 | D:6      | Noticed Grinder
 10689 | D:6      | Killed Grinder
 11337 | D:9      | Found a hazy altar of Hepliaklqana.
 11652 | D:9      | Reached skill level 5 in Necromancy
 11853 | D:9      | Reached skill level 14 in Spellcasting
 11867 | D:9      | Learned a level 7 spell: Haunt
 12383 | D:9      | Found a roughly hewn altar of Beogh.
 12813 | D:9      | Found a sparkling altar of Nemelex Xobeh.
 12882 | D:9      | Found a runed translucent gate.
 12882 | D:9      | Found a runed translucent gate.
 12882 | D:9      | Found a runed translucent gate.
 12883 | D:9      | Noticed avangion's ghost (novice DECj)
 12891 | D:9      | Learned a level 4 spell: Dispel Undead
 12900 | D:9      | Killed avangion's ghost
 12901 | D:9      | Reached XP level 11. HP: 86/86 MP: 22/29
 13225 | D:10     | Entered Level 10 of the Dungeon
 13338 | D:10     | Found a blossoming altar of Fedhas.
 13375 | D:10     | Learned a level 3 spell: Vampiric Draining
 13710 | D:10     | Found a snail-covered altar of Cheibriados.
 13793 | D:10     | Found Wyocior's Magic Scroll Boutique.
 13799 | D:10     | Found Suipsel's Weapon Shop.
 13800 | D:10     | Bought a scroll of blinking for 90 gold pieces
 13800 | D:10     | Bought a scroll of identify for 24 gold pieces
 13800 | D:10     | Bought a scroll of teleportation for 36 gold pieces
 13879 | D:10     | Noticed a two-headed ogre
 13895 | D:10     | Killed a two-headed ogre
 14035 | D:10     | Found Enicw's Book Emporium.
 14043 | D:10     | Bought a book of Iron for 416 gold pieces
 14048 | D:10     | Learned a level 4 spell: Summon Lightning Spire
 14057 | D:10     | Found a radiant altar of Vehumet.
 14057 | D:10     | Found an ancient bone altar of Kikubaaqudgha.
 14473 | D:10     | Found Afaeh's Antique Weapon Boutique.
 14630 | Lair:1   | Entered Level 1 of the Lair of Beasts
 14796 | Lair:1   | Identified the +9 short sword of the Reaper {venom, *Rage
                  | ^Fragile Int+8}
 14810 | Lair:1   | Reached skill level 15 in Spellcasting
 14810 | Lair:1   | Reached skill level 1 in Air Magic
 14892 | Lair:1   | Found a transporter.
 14892 | Lair:1   | Noticed Nybb's ghost (journeyman TrWn)
 14897 | Lair:1   | Found a transporter.
 15557 | Lair:1   | Noticed a skyshark
 15677 | Lair:1   | Killed a skyshark
 15678 | Lair:1   | Reached skill level 1 in Shields
 15937 | Lair:2   | Noticed an eight-headed hydra
 15960 | Lair:2   | Killed an eight-headed hydra
 16230 | Lair:1   | Reached XP level 12. HP: 47/92 MP: 16/31
 17511 | Lair:2   | Noticed a five-headed hydra
 17535 | Lair:2   | Killed a five-headed hydra
 17536 | Lair:2   | Reached skill level 16 in Spellcasting
 17663 | Lair:2   | Noticed an eight-headed hydra
 17690 | Lair:2   | Killed an eight-headed hydra
 17971 | Lair:2   | Reached skill level 5 in Shields
 19120 | Lair:3   | Gained mutation: You are strongly in touch with the powers
                  | of death. [Mummy growth]
 19120 | Lair:3   | Reached XP level 13. HP: 79/98 MP: 29/33
 19182 | Lair:3   | Noticed Kirke
 19322 | Lair:2   | Killed Kirke
 19951 | Lair:3   | Reached skill level 17 in Spellcasting
 20107 | Lair:3   | Reached skill level 10 in Necromancy
 20299 | Lair:3   | Found a staircase to the Shoals.
 20759 | Lair:3   | Found a hole to the Spider Nest.
 21081 | Lair:3   | Identified a scroll of acquirement
 21081 | Lair:3   | Acquired the +0 helmet of Miracles {rPois Str-4 Int+2
                  | Dex+2}
 22015 | Lair:4   | You fall into a shaft and drop 1 floor!
 22015 | Lair:5   | Entered Level 5 of the Lair of Beasts
 22320 | Lair:5   | Found a viscous altar of Jiyva.
 22321 | Lair:5   | Found a staircase to the Slime Pits.
 22793 | Lair:5   | Reached skill level 18 in Spellcasting
 22947 | Lair:5   | Noticed Sonja
 22965 | Lair:5   | Killed Sonja
 23248 | Lair:5   | Reached skill level 10 in Summonings
 23516 | Lair:5   | Reached XP level 14. HP: 92/105 MP: 34/36
 25659 | D:11     | Found a staircase to the Orcish Mines.
 25874 | D:11     | Found a gate leading to a gauntlet.
 25877 | Gauntlet | Entered a Gauntlet
 25877 | Gauntlet | Found a transporter.
 25877 | Gauntlet | Found a transporter.
 25877 | Gauntlet | Found a transporter.
 25885 | Gauntlet | Found a transporter.
 25885 | Gauntlet | Found a transporter.
 25885 | Gauntlet | Found a transporter.
 25897 | Gauntlet | Found a transporter.
 25899 | Gauntlet | Found a transporter.
 25920 | Gauntlet | Found a transporter.
 26011 | Gauntlet | Found a transporter.
 26015 | Gauntlet | Found a transporter.
 26027 | Gauntlet | Found a transporter.
 26096 | Gauntlet | Learned a level 4 spell: Olgreb's Toxic Radiance
 26324 | Gauntlet | Learned a level 4 spell: Ignite Poison
 26351 | Gauntlet | Reached skill level 1 in Alchemy
 26503 | Gauntlet | Identified the +2 pair of gloves of Beshromic {*Corrode
                  | Regen+ Str+4 SInv}
 26567 | Gauntlet | Identified the +3 trident "Orunu" {freeze, Int+2}
 26567 | Gauntlet | Identified the ring "Gorar" {rF+ Will+ rCorr Slay+3}
 26766 | D:11     | Found a roughly hewn altar of Beogh.
 27760 | Orc:1    | Entered Level 1 of the Orcish Mines
 28344 | Orc:2    | Entered Level 2 of the Orcish Mines
 28348 | Orc:2    | Found Imuy's Vocational Training.
 28800 | Orc:2    | Found a staircase to the Elven Halls.
 29341 | Orc:2    | Found Xoches's Antique Armour Boutique.
 29341 | Orc:2    | Found Raiv's Antique Weapon Boutique.
 29342 | Orc:2    | Found Olitan's Weapon Shop.
 29345 | Orc:2    | Found Caen's Distillery.
 29489 | Orc:1    | Noticed Harold
 29496 | Orc:1    | Killed Harold
 29902 | Lair:1   | Killed Nybb's ghost
 30000 | Lair:1   | Identified the amulet of the Modern Tusks {Spirit -Cast
                  | Str+4}
 30434 | D:12     | Reached skill level 15 in Necromancy
 30434 | D:12     | Reached XP level 15. HP: 105/110 MP: 32/37
 30974 | D:12     | Found a portal to a secret trove of treasure.
 31341 | D:13     | Found Buacell's General Store.
 31345 | D:13     | Bought a wand of acid (6) for 403 gold pieces
 32636 | D:14     | Found a gate to the Vaults.
 32670 | D:14     | Reached skill level 19 in Spellcasting
 33737 | D:14     | Identified the +4 chain mail of Oblivion {+Blink rCorr
                  | Str-3}
 34085 | D:14     | Reached skill level 20 in Spellcasting
 34177 | D:15     | Entered Level 15 of the Dungeon
 34641 | D:15     | Found a staircase to the Depths.
 34687 | D:15     | Found a hazy altar of Hepliaklqana.
 34901 | D:15     | Noticed Agnes
 34913 | D:15     | Killed Agnes
 35575 | D:15     | Found a runed translucent door.
 35644 | D:15     | Found a shimmering altar of Xom.
 35644 | D:15     | Noticed Jais Joink's ghost (adept FoFi)
 36099 | D:15     | Killed Jais Joink's ghost
 36458 | Spider:1 | Entered Level 1 of the Spider Nest
 36723 | Spider:1 | Reached XP level 16. HP: 58/122 MP: 1/40
 36909 | Spider:1 | Reached skill level 10 in Fighting
 38196 | Spider:2 | Identified the +2 pair of gloves "Zivop" {Dex+3}
 38196 | Spider:2 | Noticed Nikola
 38581 | Spider:2 | Reached skill level 1 in Dodging
 39513 | Spider:2 | Killed Nikola
 41373 | Spider:3 | Reached skill level 5 in Alchemy
 42528 | Spider:3 | Identified the +1 helmet of the Depths {rN++ Str+3}
 42555 | Spider:3 | Upgraded the game from 0.32-a0-871-ge202e49faa to
                  | 0.32-a0-872-g59262bdc9b
 42576 | Spider:4 | Entered Level 4 of the Spider Nest
 42599 | Spider:4 | Noticed Asterion
 42817 | Spider:4 | Reached XP level 17. HP: 109/133 MP: 29/41
 43050 | Spider:4 | Killed Asterion
 43056 | Spider:4 | Noticed Arachne
 43063 | Spider:4 | Killed Arachne
 43165 | Spider:4 | Reached skill level 21 in Spellcasting
 43463 | Spider:4 | Reached skill level 1 in Armour
 44550 | Spider:4 | Got a gossamer rune of Zot
 45086 | Shoals:1 | Entered Level 1 of the Shoals
 45209 | Shoals:1 | Found Haicielu's General Store.
 45438 | Shoals:1 | Found Erphoepp's Assorted Antiques.
 45536 | Shoals:1 | Bought a faintly humming leather armour for 147 gold pieces
 45536 | Shoals:1 | Identified the +1 leather armour of Eternal Vigilance {Harm
                  | *Corrode rPois MP+9} (You bought it in a shop on level 1 of
                  | the Shoals)
 45539 | Shoals:1 | Bought a scroll of teleportation for 63 gold pieces
 45539 | Shoals:1 | Bought a crude rapier for 189 gold pieces
 45539 | Shoals:1 | Identified the +7 rapier of Berphod {antimagic, rC+ Str+2}
                  | (You bought it in a shop on level 1 of the Shoals)
 45710 | Shoals:1 | Learned a level 7 spell: Summon Hydra
 46158 | Shoals:1 | Found Sarchirr's Firing Range.
 46204 | Shoals:1 | Found Cohiaxto's Book Shop.
 46448 | Shoals:1 | Found Upableer's Weapon Shoppe.
 49435 | Shoals:3 | Reached XP level 18. HP: 74/147 MP: 28/43
 49788 | Shoals:3 | Noticed Bai Suzhen
 50307 | Shoals:4 | Entered Level 4 of the Shoals
 50531 | Shoals:4 | Paralysed by an air elemental for 1 turns
 50535 | Shoals:4 | Paralysed by an air elemental for 1 turns
 50537 | Shoals:4 | Paralysed by an air elemental for 1 turns
 50688 | Shoals:4 | Paralysed by an air elemental for 1 turns
 50691 | Shoals:4 | Paralysed by an air elemental for 1 turns
 50720 | Shoals:4 | Learned a level 6 spell: Summon Cactus Giant
 50935 | Shoals:4 | Paralysed by an air elemental for 1 turns
 51240 | Shoals:4 | Identified the +4 halberd "Pyf Xifu" {heavy, Str+3}
 51240 | Shoals:4 | Identified the +0 plate armour of the Slightly Bent {Str+3
                  | Int+3}
 51626 | Shoals:4 | Paralysed by an air elemental for 1 turns
 51631 | Shoals:4 | Paralysed by an air elemental for 1 turns
 51758 | Shoals:4 | Reached skill level 15 in Fighting
 51808 | Shoals:4 | Found a stormy altar of Qazlal.
 51856 | Shoals:4 | Paralysed by an air elemental for 1 turns
 51861 | Shoals:4 | Paralysed by an air elemental for 1 turns
 52443 | Shoals:4 | Reached skill level 22 in Spellcasting
 52926 | Shoals:4 | Reached skill level 1 in Evocations
 53107 | Shoals:4 | Got a barnacled rune of Zot
 54464 | Shoals:3 | Killed Bai Suzhen
 54936 | Vaults:1 | Entered Level 1 of the Vaults
 55157 | Vaults:1 | Found Raozxir's Assorted Antiques.
 55165 | Vaults:1 | Bought a wand of warping (3) for 187 gold pieces
 55353 | Vaults:1 | Found Miomaelane's Jewellery Emporium.
 55614 | Vaults:1 | Found Budovvam's Armour Boutique.
 55635 | Vaults:1 | Found Yseemuoj's Book Boutique.
 55642 | Vaults:1 | Found Lodwarop's Assorted Antiques.
 57008 | Vaults:1 | Reached skill level 5 in Armour
 57499 | Vaults:1 | Learned a level 8 spell: Summon Horrible Things
 57958 | Vaults:2 | Reached XP level 19. HP: 157/157 MP: 31/45
 59938 | Vaults:2 | Found a runed translucent gate.
 59938 | Vaults:2 | Found a runed translucent gate.
 59938 | Vaults:2 | Found a runed translucent gate.
 59938 | Vaults:2 | Found an opulent altar of Gozag.
 59939 | Vaults:2 | Found Rusoneh's Assorted Antiques.
 59940 | Vaults:2 | Found Caoseil's Assorted Antiques.
 59940 | Vaults:2 | Noticed AutarchDCSS's ghost (adept NaAr)
 60699 | Vaults:2 | Found a staircase to the Crypt.
 61938 | Vaults:3 | Reached skill level 5 in Dodging
 63020 | Vaults:3 | Found the +8 pair of quick blades "Gyre" and "Gimble"
                  | {protect}
 63445 | Vaults:3 | Found Roelerph Rysu's Weapon Shoppe.
 64311 | Vaults:4 | Noticed Saint Roka
 64329 | Vaults:4 | Killed Saint Roka
 64330 | Vaults:4 | Reached XP level 20. HP: 82/164 MP: 14/46
 65565 | Vaults:4 | Noticed Sojobo
 65576 | Vaults:4 | Killed Sojobo
 65729 | Vaults:4 | Reached skill level 23 in Spellcasting
 66726 | Depths:1 | Entered Level 1 of the Depths
 66956 | Depths:1 | Reached skill level 15 in Summonings
 67218 | Depths:1 | Found a one-way gate to the infinite horrors of the Abyss.
 68169 | Depths:1 | Found a one-way gate leading to the halls of Pandemonium.
 68304 | Depths:1 | Found a gateway to Hell.
 68314 | Depths:1 | Noticed a juggernaut
 68317 | Depths:1 | Noticed a juggernaut
 68336 | Depths:1 | Killed a juggernaut
 70358 | Depths:1 | Killed a juggernaut
 70784 | Depths:2 | Reached skill level 24 in Spellcasting
 71203 | Depths:2 | Reached XP level 21. HP: 142/171 MP: 44/49
 71212 | Depths:2 | Paralysed by a vampire knight for 5 turns
 72178 | Depths:2 | Identified the +4 mace "Spiderslayer" {drain, rF- Will+++
                  | Str-2 SInv}
 74053 | Depths:3 | Reached skill level 25 in Spellcasting
 75168 | Depths:3 | Noticed a golden dragon
 75173 | Depths:3 | Killed a golden dragon
 75388 | Depths:3 | Learned a level 7 spell: Malign Gateway
 75445 | Depths:3 | Reached skill level 1 in Translocations
 75801 | Depths:3 | Noticed a caustic shrike
 75813 | Depths:3 | Killed a caustic shrike
 75887 | Depths:3 | Got Sif Muna's Reference Book on the Gathered Tomb
 75889 | Depths:3 | Identified the +5 quarterstaff "Cicronur" {spect, Str+4
                  | Int+4 Stlth+}
 76206 | Depths:4 | Entered Level 4 of the Depths
 76216 | Depths:4 | Noticed the Enchantress
 77207 | Depths:4 | Found a one-way gateway to a ziggurat.
 77208 | Depths:4 | Noticed a golden dragon
 77225 | Depths:4 | Killed a golden dragon
 77495 | Depths:4 | Noticed a juggernaut
 77510 | Depths:4 | Killed a juggernaut
 77841 | Depths:4 | Killed the Enchantress
 77850 | Depths:4 | Reached XP level 22. HP: 44/182 MP: 0/51
 78720 | Depths:4 | Reached skill level 5 in Translocations
 79013 | Depths:4 | Found a gate to the Realm of Zot.
 79713 | Vaults:5 | Entered Level 5 of the Vaults
 79860 | Vaults:5 | Noticed an ancient lich
 79889 | Vaults:5 | Identified the +8 chain mail of the Banana {rElec Str+3
                  | Dex+2}
 80438 | Slime:1  | Entered Level 1 of the Pits of Slime
 81962 | Slime:3  | Reached skill level 10 in Armour
 82728 | Slime:5  | Entered Level 5 of the Pits of Slime
 84362 | Slime:5  | Noticed the Royal Jelly
 84572 | Slime:5  | Reached XP level 23. HP: 186/192 MP: 33/52
 84701 | Slime:5  | Found a viscous altar of Jiyva.
 85048 | Slime:5  | Killed the Royal Jelly
 85437 | Slime:5  | Identified the +2 glaive "Losmaricig" {elec, rC+ Will+
                  | Str-5}
 85444 | Slime:5  | Identified the +2 quarterstaff of the Vaults {flame, rF+
                  | rC+}
 85446 | Slime:5  | Identified the +0 plate armour "Puloabb" {rC++ Will- Int+4}
 85491 | Slime:5  | Identified the +3 spear "Unioc" {venom, rElec Str+4}
 85495 | Slime:5  | Got a slimy rune of Zot
 85832 | Elf:1    | Entered Level 1 of the Elven Halls
 85975 | Elf:1    | Paralysed by an air elemental for 1 turns
 86396 | Elf:1    | Found Zyxusk's Jewellery Shoppe.
 87035 | Elf:1    | Found a radiant altar of Vehumet.
 87440 | Elf:2    | Found a runed translucent gate.
 87441 | Elf:2    | Found a runed translucent gate.
 87442 | Elf:2    | Found a runed translucent gate.
 87686 | Elf:2    | Found a runed translucent gate.
 87686 | Elf:2    | Found a runed translucent gate.
 87696 | Elf:2    | Found a runed translucent gate.
 89733 | Elf:3    | Entered Level 3 of the Elven Halls
 89811 | Elf:3    | Found Fuc Mop's Antique Weapon Shop.
 90173 | Elf:3    | Paralysed by an air elemental for 1 turns
 91594 | Elf:3    | Identified the +10 plate armour of a volcano {+Blink}
 91790 | Elf:3    | Reached skill level 26 in Spellcasting
 92061 | Elf:3    | Identified the +5 great sword of the Mushroom {holy, rElec
                  | Str+3 Int-4 Stlth+}
 92066 | Elf:3    | Reached XP level 24. HP: 204/204 MP: 42/53
 92587 | Elf:3    | Found the +9 staff of Olgreb {rPois∞}
 92619 | Elf:3    | Identified the +0 pair of boots "Fuics" {Fly rElec Will++
                  | Dex-3}
 92627 | Elf:3    | Identified the staff "Vukitero" {rF+ rC++ Dex+4 Fire}
 92828 | Elf:3    | Learned a level 5 spell: Irradiate
 93224 | Vaults:4 | Reached skill level 1 in Conjurations
 93494 | Vaults:5 | Killed an ancient lich
 93681 | Vaults:5 | Noticed an ancient lich
 93693 | Vaults:5 | Killed an ancient lich
 94003 | Vaults:5 | Reached skill level 27 in Spellcasting
 94007 | Vaults:5 | Reached skill level 1 in Staves
 94596 | Vaults:5 | Reached skill level 5 in Evocations
 95457 | Vaults:5 | Identified the +5 bardiche of Hospitality {pain, *Noise
                  | rPois Will++ Str+3}
 96061 | Vaults:5 | Identified the +2 pair of boots "Zaarphumon" {*Slow Int+3
                  | Dex+5 Stlth+}
 96266 | Vaults:5 | Got a silver rune of Zot
 96497 | Vaults:5 | Identified the +1 leather armour of Indemnity {Int+3}
 96623 | Vaults:5 | Identified the ring of Piazxiq {Will++ Str+6}
 96625 | Vaults:5 | Identified the +5 long sword "Rah Cugg" {freeze, rPois
                  | Str+3}
 96627 | Vaults:5 | Identified the ring "Qotap" {rPois rF+ rN+ Will- Dex+6}
 96909 | Zot:1    | Entered Level 1 of the Realm of Zot
 97116 | Zot:1    | Found the +8 mithril axe "Arga" {speed, Will+}
 97141 | Zot:1    | You fall into a shaft and drop 1 floor!
 97219 | Zot:2    | Reached XP level 25. HP: 210/210 MP: 10/54
 97597 | Zot:1    | Reached skill level 5 in Staves
 97598 | Zot:1    | Reached skill level 5 in Fire Magic
 98067 | Zot:1    | Noticed Grunn
 98283 | Zot:1    | Identified the ring of Joilec {Ice rElec rN+ Slay+5 SInv}
 98283 | Zot:1    | Noticed Josephina
 98317 | Zot:1    | Killed Josephina
 99007 | Zot:1    | Identified the +1 orcbow of the Resonant God {antimagic,
                  | Dex+6}
 99029 | Zot:1    | Identified the +1 dagger "Laoh" {freeze, Str+3 Dex+2}
 99387 | Zot:1    | Killed Grunn
100950 | Zot:3    | Reached skill level 5 in Conjurations
102424 | Zot:3    | Found the +4 dragonskin cloak {Aegis}
102424 | Zot:3    | Noticed Tiamat
103062 | Zot:3    | Killed Tiamat
103338 | Zot:3    | Reached XP level 26. HP: 88/222 MP: 22/54
103696 | Zot:4    | HP: 5/222 [death cob (11)]
103707 | Zot:4    | HP: 5/222 [death cob (18)]
103709 | Zot:4    | Slain by a death cob

Illustrated notes

Levels and vault maps discovered:
D:1:      dpeg_arrival_snail, layout_rooms, serial_shops, shop, st_stairs_7,
          serial_park_tiny_2, minmay_stone_trees_small, minmay_bisected
D:2:      layout_loops_cross, serial_co_window_serial, co_window_paths_b,
          co_window_corner_a, co_window_corner_a, co_window_of_opportunity_a,
          co_window_corner_a, co_window_broadway_a, co_window_broadway_c,
          co_window_paths_c, co_window_cross_2, co_window_2corner,
          co_window_sun, glass_columns_a, glass_columns_c, glass_columns_b,
          glass_columns_c, serial_shops, shop, uniq_jessica
D:3:      wander_river, layout_basic
D:4:      layout_rooms
D:5:      layout_basic, minmay_temple_entry_arrows
D:6:      layout_loops_ring, lemuel_crystal_altar, kennysheep_okawaru_gauntlet,
          uniq_grinder
D:7:      layout_basic, lightli_ossuary_entry_decrepit_ruins, minivault_1,
          minmay_misc_feat_iff, minmay_misc_feat_enclosed,
          minmay_misc_feat_room, minmay_hollow_rounded_squares
D:8:      layout_basic, nicolae_ru_awakened_eye, david_lair_shrubbed,
          minmay_bent, uniq_prince_ribbit1, uniq_pikel
D:9:      layout_long_grid, nemelex_diamond_rough_becter,
          mainiacjoe_overflow_concentric_impassable, ebering_ghost_rock_garden,
          special_room [special_room_orc]
D:10:     layout_loops_ring, fedhas_altar_2, nicolae_overflow_hidden_temple,
          serial_shops, nicolae_square_shop, shop, nicolae_shop_real_fake_doors,
          shop, minmay_misc_feat_tower
D:11:     layout_basic, david_orc_5, gauntlet_entry_generic,
          kennysheep_generic_room_2
D:12:     layout_basic, nicolae_trove_entry_columns, minivault_16
D:13:     layout_basic, serial_shops, nicolae_shop_trees, evilmike_minifort
D:14:     layout_basic, lightli_vaults_fourway_checkpoint, minivault_23
D:15:     grunt_enter_depths_magical_seal, layout_basic, ebering_ghost_xom,
          hex_medium, nzn_hepliaklqana_mist_gate, uniq_agnes
Lair:1:   layout_cave_shapes, gammafunk_ghost_arena
Lair:2:   layout_long_grid, special_room [special_room_bee], grunt_megastairs_5
Lair:3:   layout_long_grid, mainiacjoe_shoals_entry_four_pools,
          hellmonk_spider_entry_life_and_decay, grunt_megastairs_2, uniq_kirke
Lair:4:   layout_roguey, chequers_serial_rivers_room_a
Lair:5:   minmay_lair_end_frog_pond, layout_gridlike, slime_entry_1,
          small_statue_intersection, nzn_sisyphean_effort,
          infiniplex_staircase_pool, uniq_sonja
Shoals:1: layout_shoals, serial_shops, nicolae_shop_crystal, shop,
          nicolae_shop_back_alley_shop, shop, nicolae_shop_firing_range
Shoals:2: layout_shoals, argonaut_gorgonesque
Shoals:3: layout_shoals, uniq_bai_suzhen
Shoals:4: shoals_end_hellmonk_storm_palace [storm_palace_center_square,
          storm_palace_corner_reverse_hut, storm_palace_corner_grid,
          storm_palace_corner_blocked, storm_palace_corner_altar]
Spider:1: layout_spider_delve, hangedman_spider_tarantella_strand
Spider:2: layout_spider_delve, uniq_nikola
Spider:3: nicolae_spider_mines_3
Spider:4: guppyfry_spider_rune, drop_trap, nicolae_spider_baby_got_redback,
          uniq_arachne, uniq_asterion
Slime:1:  layout_caves, cheibrodos_slime_lost_civilization_4
Slime:2:  layout_caves
Slime:3:  layout_caves
Slime:4:  layout_caves
Slime:5:  slime_pit_nicolae_inversion
Orc:1:    layout_caves, uniq_harold
Orc:2:    st_orc_mages, layout_caves, nicolae_shop_vocational
Elf:1:    minmay_elf_arrival_circle, layout_geoelf_octagon, serial_shops, shop,
          basic_altar, kilobyte_rumbling_trees, st_stairs_10
Elf:2:    elven_hall_of_blades_hangedman_original
          [nicolae_blade_entry_pointy_end], layout_loops_corners,
          nicolae_gammafunk_elf_defective_weapons_storage
Elf:3:    minmay_elf_hall_statues, layout_geoelf_octagon, serial_shops,
          nicolae_shop_back_alley_shop
Vaults:1: vaults_mumra_bighexcomb, nicolae_vaults_tetromino_L_2,
          nicolae_vaults_wine_cellar, nicolae_vaults_shrinking_rooms_1,
          nicolae_vaults_trapezoid_layered, vaults_mumra_hex, v_pattern_1,
          nicolae_vaults_little_squares_6, layout_vaults_omnigrid, serial_shops,
          nicolae_book_shop_shelving, nicolae_square_shop, shop,
          nicolae_shop_behind_doors, nicolae_shop_trees
Vaults:2: ebering_ghost_gozag, nicolae_vaults_triangles,
          minmay_crypt_entry_skeletal_spiral, nicolae_vaults_steering_wheel,
          nicolae_vaults_what_the_h, vaults_room_hallway, v_misc_14,
          nicolae_vaults_tangram_1, hangedman_vaults_maws,
          nicolae_vaults_windows_and_doors_thing, nicolae_vaults_asterisk,
          vaults_room_door_ring, vaults_room_corners, layout_vaults_big_cross
Vaults:3: hangedman_vaults_unwind, v_misc_5,
          nicolae_vaults_taking_the_gang_shopping, nicolae_vaults_rhombus_7,
          hangedman_vaults_stitches, hangedman_vaults_river_flow,
          nicolae_vaults_weapon_check, nicolae_vaults_tangram_2,
          nicolae_vaults_diamond_2, nicolae_vaults_circle_grid_b,
          lemuel_angel_altar, ontoclasm_vaults_misaligned,
          nicolae_vaults_tetromino_T_2, layout_vaults_ring
Vaults:4: hangedman_vaults_snaps, nicolae_vaults_diamond_2,
          ontoclasm_vaults_pinch, nicolae_vaults_turnstiles,
          nicolae_vaults_lightning_bolt, nicolae_vaults_house_2,
          ontoclasm_vaults_shuriken, vaults_mumra_chevron,
          nicolae_vaults_trapezoid_3, nicolae_vaults_tetromino_Z_1,
          vaults_mumra_hexcomb, nicolae_vaults_tetromino_T_2,
          nicolae_vaults_shrinking_rooms_2, hangedman_vaults_maws,
          nicolae_vaults_surprise_closet, layout_vaults_maze_bifur,
          uniq_saint_roka, uniq_sojobo
Vaults:5
Depths:1: layout_basic, rand_demon_pan_entry_4,
          regret_index_abyss_entry_already_here, hell_entry,
          roderic_nine_men_s_morris, grunt_decor_junction, dk_noncrumbling_4,
          serial_sigils_hangedman_etch, minmay_evil_grid
Depths:2: regret_index_all_hallows'_manor, layout_basic, abandoned_shop,
          hangedman_tar_grid_catacomb, rand_demon_pan_entry_3
Depths:3: minmay_nine_rooms, layout_gridlike, hangedman_decor_peaks_small,
          abyss_entry, hell_entry, minmay_starry_boxes
Depths:4: evilmike_zot_entry_basic, layout_gridlike, enter_ziggurat_e,
          minmay_misc_feat_tiny, hell_entry, uniq_enchantress
Zot:1:    minmay_elemental_castle, layout_misc_corridors,
          regret_index_zotdec_silver_v_v_loose, uniq_josephina, uniq_grunn
Zot:2:    layout_twisted_circle, skrybe_zot_glass_2
Zot:3:    layout_onion_interference, bh_zot_levy_curve, uniq_tiamat
Zot:4:    layout_misc_corridors, nicolae_zot_crop_circle,
          regret_index_zotdec_banners, grunt_megastairs_1

Skill      XL: |  1  2  3  4  5  6  7  8  9 10 11 12 13 14 15 16 17 18 19 20 21 22 23 24 25 |
---------------+----------------------------------------------------------------------------+-----
Spellcasting   | 2 3 4 6 8 10 12 14 15 16 18 20 21 22 24 25 26 27 | 27.0
Fire Magic     | 3 4 6 |  6.0
Summonings     | 1 2 3 4 6 7 8 10 11 12 13 14 16 17 18 | 18.7
Fighting       | 6 8 9 11 14 16 17 18 20 21 | 21.0
Necromancy     | 5 7 9 11 15 16 | 16.0
Air Magic      | 2 |  2.0
Shields        | 2 5 |  5.0
Alchemy        | 3 5 6 |  6.0
Dodging        | 3 4 6 8 |  8.0
Armour         | 4 5 8 11 13 | 13.0
Evocations     | 4 6 8 |  8.0
Translocations | 4 6 8 9 |  9.9
Conjurations   | 4 6 |  6.0
Staves         | 4 6 |  6.0
Axes           | |  2.4

Action                     |  1- 3 |  4- 6 |  7- 9 | 10-12 | 13-15 | 16-18 | 19-21 | 22-24 | 25-27 || total
---------------------------+-------+-------+-------+-------+-------+-------+-------+-------+-------++-------
  Melee: Hand axe          |    24 |     1 |       |       |       |       |       |       |       ||    25
         Whip              |       |     3 |    23 |     4 |       |       |       |       |       ||    30
         Long sword        |       |       |       |   130 |       |       |       |       |       ||   130
         Short sword       |       |       |       |    56 |   224 |   296 |   163 |   187 |       ||   926
         Staff             |       |       |       |       |       |       |       |   296 |   233 ||   529
  Throw: Throwing net      |       |       |     1 |       |       |       |       |       |       ||     1
   Cast: Scorch            |    26 |    83 |   167 |   352 |   263 |    34 |     5 |       |       ||   930
         Call Imp          |       |     2 |    13 |    33 |    30 |       |       |       |       ||    78
         Call Canine Famil |       |     1 |    17 |    37 |    30 |       |       |       |       ||    85
         Martyr's Knell    |       |       |       |    43 |    60 |     2 |     1 |       |       ||   106
         Magic Dart        |       |       |       |     5 |       |       |       |       |       ||     5
         Cigotuvi's Dreadf |       |       |       |     4 |       |       |       |       |       ||     4
         Blink             |       |       |       |     1 |     5 |       |     2 |     2 |     6 ||    16
         Dispel Undead     |       |       |       |     1 |    26 |     1 |   101 |     4 |     5 ||   138
         Summon Lightning  |       |       |       |    57 |    78 |     3 |       |       |       ||   138
         Olgreb's Toxic Ra |       |       |       |       |    67 |   232 |   164 |   126 |    23 ||   612
         Ignite Poison     |       |       |       |       |    52 |   190 |   169 |   105 |    16 ||   532
         Haunt             |       |       |       |       |    57 |   170 |   140 |   184 |    88 ||   639
         Summon Hydra      |       |       |       |       |       |    32 |    90 |   128 |    16 ||   266
         Summon Horrible T |       |       |       |       |       |       |     1 |    27 |    14 ||    42
         Malign Gateway    |       |       |       |       |       |       |     1 |    14 |    24 ||    39
         Summon Cactus Gia |       |       |       |       |       |       |       |     1 |       ||     1
         Irradiate         |       |       |       |       |       |       |       |     7 |     7 ||    14
 Invoke: Fiery Armour      |     1 |       |     1 |       |       |       |       |       |       ||     2
         Rising Flame      |       |       |       |       |       |       |       |     1 |       ||     1
  Evoke: Wand              |       |       |       |       |     2 |    13 |     3 |       |     7 ||    25
         Phial of floods   |       |       |       |       |     1 |     1 |     1 |       |       ||     3
         Condenser vane    |       |       |       |       |     1 |     1 |       |       |     1 ||     3
         Phantom mirror    |       |       |       |       |     1 |     1 |     1 |     1 |       ||     4
         Box of beasts     |       |       |       |       |       |       |     1 |       |       ||     1
    Use: Scroll            |     3 |     4 |     4 |     5 |     6 |     6 |     3 |    17 |     6 ||    54
   Stab: Sleeping          |       |       |       |     2 |     1 |       |       |     3 |       ||     6
         Distracted        |       |       |       |     1 |     2 |     5 |     4 |    13 |    11 ||    36
         Paralysed         |       |       |       |       |     3 |       |       |       |       ||     3
 Armour: Robe              |    15 |    17 |    58 |   376 |   222 |       |       |       |       ||   688
         Leather armour    |       |       |       |       |   268 |   638 |   426 |   559 |       ||  1891
         Fire dragon scale |       |       |       |       |       |       |       |   552 |   595 ||  1147
  Dodge: Dodged            |    10 |    20 |    34 |   232 |   199 |   329 |   204 |   478 |   226 ||  1732
  Block: Buckler           |       |       |       |    22 |   116 |   283 |   238 |   312 |   143 ||  1114
         Reflection        |       |       |       |       |       |    24 |    29 |       |       ||    53

Table legend: (Time is in decaauts)
 A = Elapsed time spent in this place.
 B = Non-inter-level travel time spent in this place.
 C = Inter-level travel time spent in this place.
 D = Time resting spent in this place.
 E = Time spent auto-exploring this place.
 F = Levels seen in this place.
 G = Mean time per level.
                   A        B        C        D        E       F      G
               +--------+--------+--------+--------+--------+-----+--------+
         Total | 104574 |  98300 |   6274 |  37414 |  41759 |  52 | 2011.0 |
       Dungeon |  24248 |  22182 |   2066 |   5800 |  12129 |  15 | 1616.5 |
          Lair |  11400 |  10435 |    965 |   4449 |   4001 |   5 | 2280.0 |
        Shoals |  10011 |   9777 |    234 |   4163 |   3910 |   4 | 2502.8 |
   Spider Nest |   8407 |   8047 |    360 |   4048 |   2703 |   4 | 2101.8 |
    Slime Pits |   4999 |   4566 |    433 |   1731 |   1921 |   5 |  999.8 |
  Orcish Mines |   2041 |   1887 |    154 |    644 |    819 |   2 | 1020.5 |
   Elven Halls |   6954 |   6684 |    270 |   2142 |   3129 |   3 | 2318.0 |
        Vaults |  16049 |  14996 |   1053 |   6152 |   5881 |   5 | 3209.8 |
        Depths |  12721 |  12163 |    558 |   5511 |   4473 |   4 | 3180.2 |
           Zot |   6861 |   6685 |    176 |   2403 |   2538 |   4 | 1715.2 |
      Gauntlet |    877 |    877 |      0 |    370 |    254 |   1 |  877.0 |
               +--------+--------+--------+--------+--------+-----+--------+

Top non-repeatable levels by time:
Vaults:2: 3968 daAuts
Depths:3: 3758 daAuts
Depths:2: 3628 daAuts
Vaults:4: 3527 daAuts
Shoals:4: 3340 daAuts
  Lair:3: 3318 daAuts
Vaults:1: 3155 daAuts
     D:8: 2951 daAuts
   Elf:3: 2891 daAuts
Vaults:5: 2851 daAuts
Depths:4: 2827 daAuts
     D:9: 2677 daAuts
Spider:3: 2672 daAuts
Shoals:3: 2642 daAuts
  Lair:5: 2606 daAuts
